 Dungeon Crawl Stone Soup version 0.32-a0-891-gc41d80381e (webtiles) character file.

Game seed: 743354671193268504

114296 Gargoyl the Severer (level 16, -1/107 HPs)
             Began as a Gargoyle Berserker on Apr 3, 2024.
             Was a High Priest of Trog.
             Killed from afar by an ironbound frostheart (17 damage)
             ... by creeping frost
             ... on level 1 of the Vaults.
             The game lasted 00:31:23 (18952 turns).

Gargoyl the Severer (Gargoyle Berserker)           Turns: 18952, Time: 00:31:25

Health: -1/107     AC: 38    Str: 21    XL:     16   Next: 65%
Magic:  16/16      EV: 16    Int: 10    God:    Trog [*****.]
Gold:   1268       SH:  0    Dex: 15    Spells: 15/15 levels left

rFire   x . .        x - +9 executioner's axe
rCold   . . .        (shield currently unavailable)
rNeg    + + .        j - +3 chain mail
rPois   ∞            K - +1 hat {SInv}
rElec   +            O - +0 cloak {Will+}
rCorr   .            o - +2 pair of gloves {hurl}
SInv    +            b - +0 pair of boots
Will    ++++.        z - amulet of regeneration Stlth
                     m - ring of positive energy
HPRegen 2.17/turn    s - +5 ring of evasion
MPRegen 0.15/turn

%: no passive effects
@: marked, strong-willed, on berserk cooldown, flying, regenerating, slowed,
studying Armour, very slow
A: sickness immunity, AC +12, big wings, negative energy resistance 1,
electricity resistance, torment resistance 1, petrification resistance,
iridescent scales 1, heat vulnerability 1
a: Renounce Religion, Berserk, Trog's Hand, Brothers in Arms


You were on level 1 of the Vaults.
You worshipped Trog.
Trog was extremely pleased with you.
You visited 3 branches of the dungeon, and saw 19 of its levels.
You also visited: Bailey.

You collected 1580 gold pieces.
You spent 312 gold pieces at shops.

Inventory:

Hand Weapons
 a - a +1 vampiric hand axe
 w - a +2 hand axe of electrocution
 x - a +9 executioner's axe (weapon)
 W - the +3 great sword "Esseush" {flame, rC+ rN+ Str+3}
   (Trog gifted it to you on level 1 of the Vaults)

   Str+3:     It affects your strength (+3).
   rC+:       It protects you from cold.
   rN+:       It protects you from negative energy.
 X - a +3 battleaxe of flaming
Missiles
 g - 77 poisoned darts
 R - a curare-tipped dart (quivered)
Armour
 b - a +0 pair of boots (worn)
 j - a +3 chain mail (worn)
 o - a +2 pair of gloves of hurling (worn)
 K - a +1 hat of see invisible (worn)
 O - a +0 cloak of willpower (worn)
Jewellery
 m - a ring of positive energy (left hand)
 s - a +5 ring of evasion (right hand)
 u - a ring of flight
 z - an amulet of regeneration (around neck)
 F - a ring of see invisible
 J - a +4 ring of protection
 V - an amulet of faith
Wands
 f - a wand of flame (33)
 h - a wand of mindburst (15)
 n - a wand of charming (16)
 r - a wand of roots (16)
 t - a wand of polymorph (11)
 G - a wand of light (7)
 S - a wand of digging (5)
Scrolls
 k - 3 scrolls of fear
 p - 3 scrolls of poison
 q - a scroll of silence
 y - 2 scrolls of torment
 A - a scroll of enchant armour
 B - 4 scrolls of blinking
 C - 4 scrolls of fog
 D - a scroll of identify
 H - a scroll of revelation
 L - a scroll of immolation
 N - 2 scrolls of vulnerability
 P - a scroll of enchant weapon
 T - 3 scrolls of teleportation
Potions
 c - 4 potions of magic
 d - 6 potions of curing
 e - 3 potions of heal wounds
 i - 3 potions of might
 l - a potion of cancellation
 v - 3 potions of ambrosia
 E - a potion of resistance
 I - a potion of enlightenment
 M - a potion of lignification
 Q - 2 potions of berserk rage {unknown}
 U - 3 potions of degeneration {unknown}


   Skills:
 + Level 14.8 Fighting
 + Level 18.7 Axes
 + Level 3.1 Throwing
 + Level 15.2 Armour
 + Level 6.7 Dodging
 + Level 4.0 Stealth


You had 15 spell levels left.
You didn't know any spells.
Your spell library was empty.

Dungeon Overview and Level Annotations

Branches:
Dungeon (13/15)            Temple (0/1) D:4            Lair (5/5) D:9
 Shoals (0/4) Lair:2       Spider (0/4) Lair:2        Slime (0/5) Lair:5
    Orc (0/2) D:11         Vaults (1/5) D:13         Bailey (visited)

Altars:
Ashenzari
Fedhas
Nemelex Xobeh
Qazlal
Sif Muna
Trog

Shops:
D:6 !


Innate Abilities, Weirdness & Mutations

You are immune to sickness and miasma.
Your stone body is resilient. (AC +12)
You are immune to poison.
Your large and strong wings let you fly.
You resist negative energy. (rN+)
You are resistant to electric shocks. (rElec)
You are resistant to unholy torment.
You are immune to petrification.
You are partially covered in iridescent scales. (AC +2)
You are vulnerable to heat. (rF-)


Message History

The ironbound frostheart calls freezing cold from the walls.
The frost grips you!!!
You are encased in ice.
A phantasmal warrior comes into view.
There is an open door, spattered with blood here.
Items here: ))) [ ††.
The ice encasing you melts away.
Your skin crawls.
You feel strong-willed.
A red film seems to cover your vision as you go berserk!
You feel yourself moving faster!
You feel mighty!
You slash the phantasmal warrior!
The phantasmal warrior is lightly damaged.
You chop the phantasmal warrior into pieces!!!
The phantasmal warrior is almost destroyed.
The phantasmal warrior closely misses you.
You slice the phantasmal warrior!!
You destroy the phantasmal warrior!
Trog accepts your kill.
You feel a strong urge to attack something.
The ironbound frostheart calls freezing cold from the walls.
The frost grips you!!
You are encased in ice.
A lindwurm comes into view.
You see here a deep troll corpse.
You are no longer berserk.
You are exhausted.
You feel yourself slow down.
The ironbound frostheart touches you but does no damage.
You slash the ironbound frostheart!
The ironbound frostheart is moderately wounded.
The ironbound frostheart misses you.
You chop the ironbound frostheart into pieces!!!
The ironbound frostheart is almost dead.
The ice encasing you melts away. The ironbound frostheart touches you!
The ironbound frostheart freezes you!
* * * LOW HITPOINT WARNING * * *
The ironbound frostheart calls freezing cold from the walls.
The frost grips you!
You die...

#...........#
#...........#
#...........#
##'###W###### #.#....#
#.#....# #.#....#
#kp†...# #.#@...#
################['#+####
........................
........................
........................
##########..............
.........#...##########.
.........#...#
.........#...#


You could see an ironbound frostheart and a lindwurm.

Vanquished Creatures
  2 ironbound preservers
  3 dire elephants (Vaults:1)
  A yaktaur captain (Vaults:1)
  An ice dragon (Lair:5)
  4 hydras
  3 boulder beetles
  2 ironbound frosthearts (Vaults:1)
  8 death yaks
  A tengu warrior (D:13)
  5 centaur warriors
  3 two-headed ogres
  A hell hog (Lair:5)
  2 orc high priests (Bailey)
  Sonja (Lair:5)
  2 skysharks (Lair:2)
  Amaemon (Lair:3)
  3 deep trolls (Vaults:1)
  A swamp dragon (Lair:5)
  A phantasmal warrior (Vaults:1)
  A deep elf pyromancer (D:12)
  6 oklob plants
  A necromancer (Lair:4)
  2 ugly things
  A manticore (D:12)
  5 black mambas
  A cyclops (D:11)
  A vault sentinel (Vaults:1)
  10 elephants
  2 gargoyles
  9 cane toads
  An orange demon (Lair:3)
  An unseen horror (D:13)
  2 rime drakes (Lair:5)
  7 komodo dragons
  3 trolls (D:11)
  A jumping spider (Lair:2)
  15 polar bears
  Prince Ribbit (D:7)
  A hornet (D:9)
  10 dream sheep
  21 blink frogs
  4 raiju (Lair:5)
  11 slime creatures
  A wraith (D:8)
  4 culicivoras (Lair:2)
  Eustachio (D:3)
  A shadow (D:9)
  A vampire (D:13)
  35 yaks
  5 basilisks
  6 wyverns
  4 vampire mosquitoes (D:13)
  3 steam dragons
  2 unseen horror simulacra (D:9)
  4 wargs (Lair:5)
  3 redbacks (Lair:2)
  Edmund (D:4)
  Menkaure (D:6)
  5 acid dragons
  29 water moccasins
  13 hell hounds (Lair:5)
  16 black bears
  3 swamp drakes (Lair:5)
  5 ice beasts
  20 orc warriors
  A sky beast (D:8)
  28 wolves
  2 ogres
  7 kobold brigands
  13 bullfrogs
  A gnoll sergeant (D:9)
  A scorpion (shapeshifter) (D:13)
  3 scorpions
  6 wights
  10 killer bees
  9 electric eels
  4 howler monkeys
  2 jellies (D:6)
  13 orc priests
  A bombardier beetle (D:3)
  7 hounds
  2 gnoll boudas
  Ijyb (D:4)
  7 iguanas
  9 orc wizards
  2 sleepcaps
  2 polar bear simulacra (Lair:4)
  6 yak simulacra (Lair:4)
  A wolf simulacrum (Lair:4)
  30 gnolls
  7 adders
  A river rat (Lair:4)
  A shadow imp (D:5)
  4 white imps
  3 ufetubi (D:9)
  A dart slug (D:1)
  2 ribbon worms
  38 orcs
  8 ball pythons
  8 endoplasms
  2 giant cockroaches
  12 goblins
  12 hobgoblins
  4 jackals
  2 quokkas (D:1)
  8 bats
  3 frilled lizards
  45 kobolds
  6 rats
  2 river rat simulacra (Lair:4)
662 creatures vanquished.

Vanquished Creatures (collateral kills)
  Gastronok (Lair:2)
  A death yak (Lair:2)
  3 blink frogs (Lair:2)
5 creatures vanquished.

Vanquished Creatures (others)
  A centaur warrior (Vaults:1)
1 creature vanquished.

Grand Total: 668 creatures vanquished

Notes
Turn   | Place    | Note
-------+----------+-------------------------------------------
     0 | D:1      | Gargoyl the Gargoyle Berserker began the quest for the Orb.
     0 | D:1      | Reached XP level 1. HP: 14/14 MP: 1/1
   102 | D:1      | Reached XP level 2. HP: 19/19 MP: 2/2
   104 | D:1      | Reached skill level 3 in Axes
   370 | D:1      | Reached XP level 3. HP: 18/23 MP: 3/3
   735 | D:2      | Reached ** piety under Trog
  1074 | D:2      | Found a blossoming altar of Fedhas.
  1397 | D:3      | Reached skill level 1 in Stealth
  1397 | D:3      | Reached XP level 4. HP: 29/29 MP: 4/4
  2001 | D:4      | Noticed Ijyb
  2007 | D:4      | Reached skill level 4 in Axes
  2015 | D:4      | Killed Ijyb
  2016 | D:4      | Reached XP level 5. HP: 30/33 MP: 5/5
  2053 | D:4      | Noticed Eustachio
  2368 | D:3      | Killed Eustachio
  2369 | D:3      | Reached XP level 6. HP: 39/39 MP: 6/6
  2541 | D:4      | Reached skill level 5 in Axes
  2550 | D:4      | Reached XP level 7. HP: 42/44 MP: 7/7
  2550 | D:4      | Noticed Edmund
  2560 | D:4      | Killed Edmund
  2561 | D:4      | Reached skill level 5 in Fighting
  2590 | D:4      | Found a staircase to the Ecumenical Temple.
  2866 | D:4      | Found a sparkling altar of Nemelex Xobeh.
  3012 | D:5      | Entered Level 5 of the Dungeon
  3268 | D:5      | Reached skill level 6 in Axes
  3268 | D:5      | Reached XP level 8. HP: 31/49 MP: 8/8
  3505 | D:5      | Reached skill level 5 in Armour
  4520 | D:6      | Reached skill level 1 in Throwing
  4686 | D:6      | Found a bloodstained altar of Trog.
  4689 | D:6      | Found a broken altar of Ashenzari.
  4748 | D:6      | Reached skill level 7 in Axes
  4800 | D:6      | Noticed Menkaure
  4813 | D:6      | Killed Menkaure
  4925 | D:6      | Found a stormy altar of Qazlal.
  4944 | D:6      | Reached XP level 9. HP: 42/55 MP: 9/9
  5328 | D:6      | Reached *** piety under Trog
  5669 | D:6      | Found Sejysavi's Distillery.
  5673 | D:6      | Bought 2 potions of mutation for 208 gold pieces
  5673 | D:6      | Bought a potion of ambrosia for 104 gold pieces
  5673 | D:6      | Gained mutation: You have a pair of small antennae on your
                  | head. [potion of mutation]
  5673 | D:6      | Gained mutation: You occasionally lose the ability to read
                  | scrolls when taking damage. [potion of mutation]
  5673 | D:6      | Gained mutation: Your spells are a little harder to cast,
                  | but a little more powerful. [potion of mutation]
  5674 | D:6      | Lost mutation: Your spells are a little harder to cast, but
                  | a little more powerful. [potion of mutation]
  5674 | D:6      | Lost mutation: You occasionally lose the ability to read
                  | scrolls when taking damage. [potion of mutation]
  5674 | D:6      | Lost mutation: You have a pair of small antennae on your
                  | head. [potion of mutation]
  5674 | D:6      | Gained mutation: You are partially covered in iridescent
                  | scales. (AC +2) [potion of mutation]
  5674 | D:6      | Gained mutation: You are vulnerable to heat. (rF-) [potion
                  | of mutation]
  6040 | D:7      | Reached skill level 8 in Axes
  6663 | D:7      | Noticed Prince Ribbit
  6718 | D:7      | Killed Prince Ribbit
  7235 | D:8      | Reached skill level 9 in Axes
  7383 | D:8      | Reached XP level 10. HP: 32/63 MP: 10/10
  7974 | D:8      | You fall into a shaft and drop 2 floors!
  7974 | D:10     | Entered Level 10 of the Dungeon
  8124 | D:9      | Reached skill level 10 in Axes
  8148 | D:9      | Found a staircase to the Lair.
  8223 | D:9      | Found a flagged portal.
  8233 | Bailey   | Entered a bailey
  8313 | Bailey   | Reached **** piety under Trog
  8397 | Bailey   | Reached XP level 11. HP: 49/69 MP: 11/11
  8539 | Bailey   | Found an iron altar of Okawaru.
  8539 | Bailey   | Noticed an orc high priest
  8539 | Bailey   | Noticed an orc high priest
  8551 | Bailey   | Killed an orc high priest
  8552 | Bailey   | Reached skill level 11 in Axes
  8557 | Bailey   | Killed an orc high priest
  8580 | Bailey   | Identified the +5 great mace "Opluzx Jeru" {pain, Fly
                  | Will++ rCorr Int-2}
  8841 | Bailey   | Acquired a manual of Armour
  9548 | D:9      | Reached skill level 10 in Armour
  9653 | Lair:1   | Entered Level 1 of the Lair of Beasts
  9696 | Lair:1   | Noticed a seven-headed hydra
  9714 | Lair:1   | Killed a seven-headed hydra
  9780 | Lair:1   | Reached skill level 12 in Axes
 10017 | Lair:1   | Reached XP level 12. HP: 75/76 MP: 12/12
 10109 | Lair:1   | Found the +8 whip "Snakebite" {venom, curare, rPois}
 10280 | Lair:1   | Reached ***** piety under Trog
 10794 | Lair:2   | Reached skill level 10 in Fighting
 10804 | Lair:2   | Noticed a skyshark
 10824 | Lair:2   | Killed a skyshark
 10825 | Lair:2   | Reached skill level 13 in Axes
 10900 | Lair:2   | Reached skill level 5 in Dodging
 11143 | Lair:2   | Found a staircase to the Shoals.
 11172 | Lair:2   | Noticed Gastronok
 11188 | Lair:2   | Killed Gastronok
 11189 | Lair:2   | Reached XP level 13. HP: 73/84 MP: 13/13
 11194 | Lair:2   | Reached skill level 14 in Axes
 11455 | Lair:2   | Found a hole to the Spider Nest.
 11531 | Lair:2   | Received a gift from Trog
 11981 | Lair:3   | Reached skill level 15 in Axes
 11982 | Lair:3   | Noticed Amaemon
 11990 | Lair:3   | Killed Amaemon
 12575 | Lair:4   | Found a sparkling altar of Nemelex Xobeh.
 12938 | Lair:4   | Gained mutation: Your large and strong wings let you fly.
                  | [Gargoyle growth]
 12938 | Lair:4   | Reached XP level 14. HP: 92/92 MP: 14/14
 13576 | Lair:5   | Entered Level 5 of the Lair of Beasts
 13591 | Lair:5   | Reached skill level 16 in Axes
 13868 | Lair:5   | Found a staircase to the Slime Pits.
 14008 | Lair:5   | Found a shimmering blue altar of Sif Muna.
 14030 | Lair:5   | Noticed Sonja
 14080 | Lair:5   | Killed Sonja
 14346 | Lair:5   | Received a gift from Trog
 14616 | Lair:5   | Reached skill level 17 in Axes
 15718 | D:10     | Received a gift from Trog
 16098 | D:11     | Reached XP level 15. HP: 100/100 MP: 15/15
 16344 | D:11     | Found a staircase to the Orcish Mines.
 16731 | D:11     | Found a blossoming altar of Fedhas.
 17187 | D:12     | Reached XP level 16. HP: 106/106 MP: 16/16
 17938 | D:13     | Reached skill level 18 in Axes
 18378 | D:13     | Found a gate to the Vaults.
 18593 | Vaults:1 | Entered Level 1 of the Vaults
 18621 | Vaults:1 | Reached skill level 15 in Armour
 18850 | Vaults:1 | Identified the +3 great sword "Esseush" {flame, rC+ rN+
                  | Str+3} (Trog gifted it to you on level 1 of the Vaults)
 18850 | Vaults:1 | Received a gift from Trog
 18952 | Vaults:1 | Killed from afar by an ironbound frostheart

Illustrated notes

Levels and vault maps discovered:
D:1:      saegor_arrival_miasma, layout_basic
D:2:      layout_rooms, basic_altar, chequers_serial_rivers_micro_a,
          serial_bayou_ford_a
D:3:      layout_loops_ring, serial_glass, glass_columns_b, glass_columns_a
D:4:      layout_rooms, nemelex_diamond_rough_becter, minmay_temple_entry_glass,
          uniq_ijyb, uniq_eustachio, uniq_edmund
D:5:      layout_basic, minmay_misc_feat_more_columns,
          nicolae_elevator_lobby_asterisk
D:6:      minmay_goblin_kobold_castle, layout_layer_cave,
          nicolae_qazlal_general_emergency, nicolae_overflow_squiral,
          serial_shops, nicolae_shop_back_alley_shop, grunt_ministairs_4,
          uniq_menkaure
D:7:      layout_basic, bh_walls_and_bars, uniq_prince_ribbit1
D:8:      layout_loops_ring, minitemple
D:9:      layout_cave_pools, due_lair_maze_entry_diamond, serial_ice,
          serial_ice_j, serial_ice_e, serial_ice_n, serial_ice_g, serial_ice_h,
          serial_ice_c, serial_ice_d, serial_ice_a, enter_bailey_2
D:10:     layout_loops_corners
D:11:     layout_basic, erik_orc_3, tgw_fedhas
D:12:     layout_long_grid
D:13:     layout_cave_pools, skrybe_vaults_entry_preservation
Lair:1:   minmay_guarded_unrand_snakebite, layout_concentric_octagons,
          infiniplex_staircase_pool, serial_bayou_shore_b, grunt_megastairs_4
Lair:2:   layout_regular_city, elwin_shoals_entry_rocks,
          nicolae_spider_entry_tight_spaces, chequers_serial_rivers_small_b,
          minivault_27, uniq_gastronok
Lair:3:   layout_misc_corridors, serial_bayou_shore_a, uniq_amaemon
Lair:4:   layout_cave_pods, basic_altar, eino_house_with_fridge
Lair:5:   hangedman_lair_caniforms_friends, layout_cave_shapes,
          guppyfry_lair_end_dragon, minmay_slime_entry_oklob_enclosed,
          st_stairs_9, lemuel_oklob_altar, uniq_sonja
Vaults:1: nicolae_vaults_ellipses_ellipsis, v_misc_12,
          ontoclasm_vaults_shuriken, grunt_vaults_diagonal, v_misc_31,
          vaults_mumra_minichess, hangedman_vaults_corner, v_misc_2, v_misc_25,
          v_misc_22, nicolae_vaults_house_3, layout_vaults_omnibox, uniq_norris

Skill      XL: |  1  2  3  4  5  6  7  8  9 10 11 12 13 14 15 16 |
---------------+-------------------------------------------------+-----
Axes           | 3 4 5 6 7 9 10 12 13 15 17 18 | 18.7
Dodging        | 2 3 4 5 6 |  6.7
Stealth        | 1 2 4 |  4.0
Fighting       | 4 5 6 7 8 9 11 12 13 14 | 14.8
Armour         | 3 4 6 7 8 10 12 13 14 15 | 15.2
Throwing       | 1 2 3 |  3.1

Action                     |  1- 3 |  4- 6 |  7- 9 | 10-12 | 13-15 | 16-18 || total
---------------------------+-------+-------+-------+-------+-------+-------++-------
  Melee: Hand axe          |   106 |   111 |   575 |   712 |    77 |       ||  1581
         Flail             |       |       |       |     6 |     5 |       ||    11
         Executioner's axe |       |       |       |       |   570 |   182 ||   752
         Battleaxe         |       |       |       |       |       |     4 ||     4
  Throw: Dart              |       |       |    21 |       |     6 |     1 ||    28
 Invoke: Berserk           |     2 |     4 |     6 |     8 |     7 |     3 ||    30
         Trog's Hand       |       |     3 |     4 |     7 |     4 |     2 ||    20
         Brothers in Arms  |       |       |       |     2 |     1 |       ||     3
    Use: Scroll            |     6 |     1 |     6 |     8 |     9 |       ||    30
         Potion            |       |     1 |     2 |       |     3 |       ||     6
   Stab: Sleeping          |     3 |       |       |       |       |       ||     3
 Armour: Animal skin       |    62 |       |       |       |       |       ||    62
         Ring mail         |    27 |   127 |    62 |       |       |       ||   216
         Chain mail        |       |       |   478 |   687 |   745 |   310 ||  2220
  Dodge: Dodged            |    62 |    82 |   256 |   679 |   712 |   228 ||  2019

Table legend: (Time is in decaauts)
 A = Elapsed time spent in this place.
 B = Non-inter-level travel time spent in this place.
 C = Inter-level travel time spent in this place.
 D = Time resting spent in this place.
 E = Time spent auto-exploring this place.
 F = Levels seen in this place.
 G = Mean time per level.
                   A        B        C        D        E       F      G
               +--------+--------+--------+--------+--------+-----+--------+
         Total |  19109 |  18445 |    664 |   1216 |  12143 |  20 |  955.5 |
       Dungeon |  12639 |  12194 |    445 |    808 |   8233 |  13 |  972.2 |
          Lair |   5496 |   5279 |    217 |    408 |   3281 |   5 | 1099.2 |
        Vaults |    365 |    365 |      0 |      0 |    235 |   1 |  365.0 |
        Bailey |    608 |    608 |      0 |      0 |    392 |   1 |  608.0 |
               +--------+--------+--------+--------+--------+-----+--------+

Top non-repeatable levels by time:
     D:6: 1870 daAuts
  Lair:5: 1541 daAuts
    D:11: 1200 daAuts
     D:5: 1154 daAuts
     D:7: 1151 daAuts
  Lair:1: 1078 daAuts
  Lair:4: 1049 daAuts
  Lair:2: 1032 daAuts
     D:9: 987 daAuts
     D:3: 966 daAuts
    D:10: 902 daAuts
     D:2: 865 daAuts
     D:8: 836 daAuts
  Lair:3: 794 daAuts
    D:12: 749 daAuts
